AoeStats
← MR SNOWEEEE

Lombardia

509054837Analyzed
2v2 RM · 9d ago on Sep 25, 2026· 49m 8s· 4 players
Game mode
Random Map
Map size
Medium (4 player)
Population
200
Speed
Normal
Resources
Standard
Victory
Conquest
Starting age
Dark Age
Ending age
Imperial Age
RankedLock teamsTeams togetherTeam positionsShared explorationLock speedFull tech treeHidden civsTurbo modeCheats
Victory
Defeat
🇺🇸 Mongols · United States
986
+17
🇳🇱 Franks · Netherlands
907
+19
🇦🇺 Bohemians · Australia
1000
-55
🇦🇺 Lithuanians · Australia
1000
-55
crayon killer
12:07 Feudal Age
13:53 Wheelbarrow
21:53 Man-at-Arms
22:20 Arson
26:59 Loom
36:17 Castle Age
43:45 Long Swordsman
43:47 Pikeman
44:30 Squires
47:57 Crossbowman
MR SNOWEEEE
7:37 Loom
10:02 Feudal Age
10:39 Town Watch
10:50 Double-Bit Axe
11:04 Town Watch
13:15 Horse Collar
16:06 Wheelbarrow
21:03 Fletching
25:49 Castle Age
24:12 Scale Mail Armor
24:24 Forging
28:44 Chemistry
28:14 Chain Mail Armor
27:56 Bodkin Arrow
28:21 Bow Saw
28:19 Pikeman
29:01 Squires
30:08 Heavy Plow
32:31 Coinage
35:23 Hand Cart
35:11 Town Patrol
35:44 Wagenburg Tactics
43:17 Imperial Age
44:12 Bodkin Arrow
43:43 Halberdier
45:07 Conscription
47:49 Ballistics
theodb
3:10 Loom
9:57 Feudal Age
12:15 Wheelbarrow
11:51 Double-Bit Axe
22:53 Castle Age
21:44 Bloodlines
21:49 Forging
24:17 Iron Casting
23:07 Light Cavalry
25:44 Husbandry
25:37 Horse Collar
26:16 Bow Saw
26:40 Scale Barding Armor
30:31 Hand Cart
30:06 Town Watch
35:06 Heavy Plow
35:34 Fervor
36:10 Gold Mining
36:14 Stone Mining
39:36 Imperial Age
40:33 Chain Barding Armor
40:05 Fletching
41:18 Blast Furnace
41:23 Chemistry
41:11 Conscription
40:49 Elite Steppe Lancer
42:42 Ballistics
46:59 Hussar
47:37 Bodkin Arrow
47:43 Padded Archer Armor
48:05 Masonry
LukeMcOlds
3:03 Loom
16:38 Feudal Age
17:38 Town Watch
17:43 Double-Bit Axe
17:52 Gold Mining
17:53 Stone Mining
23:10 Wheelbarrow
25:52 Castle Age
24:24 Forging
24:26 Scale Barding Armor
24:51 Fletching
27:22 Gold Shaft Mining
27:01 Bow Saw
26:56 Husbandry
29:55 Hand Cart
31:33 Town Patrol
32:25 Treadmill Crane
33:06 Ballistics
32:42 Murder Holes
34:22 Iron Casting
35:40 Masonry
36:13 Chain Barding Armor
36:07 Caravan
40:17 Imperial Age
37:49 Bodkin Arrow
40:25 Cavalier
42:16 Plate Barding Armor
42:42 Blast Furnace
43:35 Chemistry
43:06 Architecture
42:41 Siege Engineers
43:09 Conscription
42:50 Chivalry
45:39 Hoardings
46:39 Paladin
Connection lost

Rejoining the realm…

Still unreachable

The connection could not be restored.

Session expired

The server has moved on; the page needs a fresh start.